 Dungeon Crawl Stone Soup version 0.25-a0-1036-g6f112fb28d (webtiles) character file.

Game seed: 3249855028342738659, levelgen mode: deterministic

93 Maedhros the Sneak (level 4, -1/28 HPs)
             Began as an Octopode Artificer on May 13, 2020.
             Killed from afar by an orc wizard (12 damage)
             ... with a magic dart
             ... on level 4 of the Dungeon.
             The game lasted 00:02:25 (254 turns).

Maedhros the Sneak (Octopode Artificer)              Turns: 254, Time: 00:02:26

Health: -1/28      AC:  1    Str: 11    XL:     4   Next: 61%
Magic:  6/6        EV: 13    Int: 13    God:
Gold:   0          SH:  0    Dex: 13    Spells: 3/3 levels left

rFire    . . .     SeeInvis .   a - +2 dagger (freeze)
rCold    . . .     Gourm    .   (no shield)
rNeg     . . .     Faith    .   (helmet restricted)
rPois    .         Spirit   .   (no amulet)
rElec    .         Reflect  .   (no ring)
rCorr    .         Harm     .   (no ring)
MR       .....                  (no ring)
Stlth    +++.......             (no ring)
HPRegen  0.09/turn              (no ring)
MPRegen  0.10/turn              (no ring)
                                (no ring)
                                (no ring)

@: no status effects
A: almost no armour, stealthy swim, amphibious, 8 rings, constrict 8, camouflage
1, gelatinous body 1
a: no special abilities


You were on level 4 of the Dungeon.
You were not hungry.

You visited 1 branch of the dungeon, and saw 4 of its levels.

Inventory:

Hand Weapons
 a - a +2 dagger of freezing (weapon)
Wands
 b - a wand of flame (10)
 c - a wand of enslavement (6)
 d - a wand of random effects (4)
Potions
 e - a potion of curing {unknown}
Comestibles
 f - 2 rations


   Skills:
 - Level 1.0 Fighting
 - Level 1.0 Short Blades
 - Level 2.0 Dodging
 - Level 4.0 Stealth
 + Level 3.1 Unarmed Combat
 - Level 3.2 Evocations


You had 3 spell levels left.
You didn't know any spells.
Your spell library was empty.

Dungeon Overview and Level Annotations

Branches:
Dungeon (4/15)
 Temple: D:4-7

Altars:

Annotations:
D:2 Robin


Innate Abilities, Weirdness & Mutations

You cannot wear most types of armour.
You are very stealthy in the water. (Stealth+)
You are amphibious.
You can wear up to eight rings at the same time.
You can use your tentacles to constrict eight enemies at once.
Your skin changes colour to match your surroundings (Stealth+).
Your rubbery body absorbs attacks. (AC +1, EV +1)


Message History

The fireball engulfs the orc warrior but does no damage.
The orc warrior is moderately wounded.
You hear an angry hiss.
A hound comes into view.
Evoke which item? (* to show all) (? for menu, Esc to quit)
Aiming: Random Effects
Press: ? - help, Shift-Dir - straight line, f/p - orc warrior
Aim: an orc warrior, wielding a +0 short sword and wearing a +0 plate armour (moderately wounded)
The orc warrior resists with significant effort.
The hound barks!
Evoke which item? (* to show all) (? for menu, Esc to quit)
Aiming: Random Effects
Press: ? - help, Shift-Dir - straight line, f/p - orc warrior
Aim: an orc warrior, wielding a +0 short sword and wearing a +0 plate armour (moderately wounded)
The puff of flame hits the orc warrior!
The orc warrior is severely wounded.
An ogre comes into view. It is wielding a +0 giant spiked club.
The orc wizard points at you and mumbles some strange words.
The magic dart hits you!
You die...

#.#.#
#.#.#..
#.#.#.#
#.#.#.#
#.#.#.#
#.#.#.#
#.#.#.#
#.@.o.###..)
#...<.oh.O.)
##.....###.#
##.......
##<..###.#
...## ####


You could see an orc warrior, an ogre, a hound and an orc wizard.

Vanquished Creatures
  An orc wizard (D:4)
  A worker ant (D:3)
  A dart slug (D:1)
  An orc (D:4)
  4 goblins
  A hobgoblin (D:1)
  A frilled lizard (D:1)
10 creatures vanquished.

Vanquished Creatures (collateral kills)
  Terence (D:2)
  An adder (D:2)
  2 hobgoblins (D:2)
  A kobold (D:2)
  A bat (D:2)
  3 goblins (D:2)
9 creatures vanquished.

Vanquished Creatures (others)
  2 adders (D:2)
  A bat (D:2)
  A rat (D:2)
4 creatures vanquished.

Grand Total: 23 creatures vanquished

Notes
Turn   | Place    | Note
-------+----------+-------------------------------------------
     0 | D:1      | Maedhros the Octopode Artificer began the quest for the
                  | Orb.
     0 | D:1      | Reached XP level 1. HP: 13/13 MP: 3/3
    66 | D:1      | Reached skill level 2 in Stealth
    80 | D:1      | You fall into a shaft and drop 1 floor!
    80 | D:2      | Noticed Terence
    88 | D:2      | Reached XP level 2. HP: 10/18 MP: 4/4
    93 | D:2      | Reached skill level 3 in Stealth
   112 | D:2      | Noticed Robin
   115 | D:2      | Killed Terence
   115 | D:2      | Reached skill level 4 in Stealth
   115 | D:2      | Reached XP level 3. HP: 12/23 MP: 5/5
   121 | D:2      | HP: 1/23 [goblin[Robin] (1)]
   123 | D:2      | Reached skill level 1 in Unarmed Combat
   227 | D:3      | Reached XP level 4. HP: 9/28 MP: 6/6
   247 | D:4      | Noticed an orc warrior
   252 | D:4      | Noticed an ogre
   254 | D:4      | Killed from afar by an orc wizard

Illustrated notes

Levels and vault maps discovered:
D:1:      matt_arrival_spirals, layout_loops_ring, minivault_24,
          minmay_split_cup_small
D:2:      layout_rooms, nicolae_overflow_quartered_altars, serial_forest,
          infiniplex_forest_clump_small, infiniplex_forest_lined_ring,
          infiniplex_forest_straight_2, infiniplex_forest_side_room,
          uniq_terence, uniq_robin
D:3:      layout_rooms, serial_glass, glass_columns_a, glass_columns_a,
          chequers_mini_garden, minivault_23
D:4:      layout_loops_ring, serial_shops, kennysheep_little_box,
          gammafunk_ghost_nasty_kobolds

Skill      XL: |  1  2  3  4 |
---------------+-------------+-----
Stealth        | 2 4 |  4.0
Unarmed Combat | 2 3 |  3.1
Fighting       | |  1.0
Short Blades   | |  1.0
Dodging        | |  2.0
Evocations     | |  3.2

Action                   |  1- 3 |  4- 6 || total
-------------------------+-------+-------++-------
Melee: Short sword       |     6 |       ||     6
       Constrict         |     2 |       ||     2
       Tentacles         |     1 |       ||     1
       Dagger            |     3 |       ||     3
Evoke: Wand              |    19 |     6 ||    25
  Use: Potion            |     1 |       ||     1
 Stab: Sleeping          |     4 |       ||     4
Armor: Skin              |     7 |       ||     7
Dodge: Dodged            |    18 |       ||    18

Table legend:
 A = Non-vault XP
 B = Vault XP
 C = Vault XP percentage of total XP
 D = Non-vault monster count
 E = Vault monster count
 F = Vault count percentage of total count
                 A         B        C        D         E       F
            +---------+---------+-------+---------+---------+-------
      Total |      97 |      36 |  27.1 |      14 |       6 |  30.0
            +---------+---------+-------+---------+---------+-------
        D:1 |       9 |       0 |   0.0 |       4 |       0 |   0.0
        D:2 |      19 |      36 |  65.5 |       7 |       6 |  46.2
        D:3 |      33 |       0 |   0.0 |       1 |       0 |   0.0
        D:4 |      36 |       0 |   0.0 |       2 |       0 |   0.0
            +---------+---------+-------+---------+---------+-------
